 Dungeon Crawl Stone Soup version 0.30-a0-777-ga9a30cbeda (console) character file.

Game seed: 2049862361077430523

75 rlgrobin the Insei (level 4, -4/35 HPs)
             Began as a Mummy Monk on Feb 14, 2023.
             Slain by an orc
             ... wielding a +0 hand axe
              (6 damage)
             ... on level 3 of the Dungeon.
             The game lasted 00:04:59 (2336 turns).

rlgrobin the Insei (Mummy Monk)                     Turns: 2336, Time: 00:05:00

Health: -4/35      AC:  2    Str: 14    XL:     4   Next: 11%
Magic:  4/4        EV: 12    Int:  9    God:
Gold:   195        SH:  0    Dex: 16    Spells: 3/3 levels left

rFire   x . .      SeeInvis .      - Unarmed
rCold   + . .      Faith    +    (no shield)
rNeg    + + +      Spirit   .    (no body armour)
rPois   ∞          Reflect  .    b - +0 helmet
rElec   .          Harm     .    (no cloak)
rCorr   .          Rampage  .    j - +0 pair of gloves
Will    .....                    (no boots)
Stlth   ++                       (no amulet)
HPRegen 0.25/turn                d - ring of wizardry
MPRegen 0.09/turn                (no ring)

@: no status effects
A: cold resistance 1, negative energy resistance 3, torment resistance 2, heat
vulnerability 1, in touch with death 1, no potions, faith
a: no special abilities


You were on level 3 of the Dungeon.
You visited 1 branch of the dungeon, and saw 3 of its levels.

You collected 195 gold pieces.

Inventory:

Armour
 b - a +0 helmet (worn)
 j - a +0 pair of gloves (worn)
Jewellery
 d - a ring of wizardry (left hand)
Scrolls
 a - 5 scrolls of identify {unknown}
 c - a scroll of magic mapping {unknown}
 e - a scroll of teleportation {unknown}
 f - a scroll of vulnerability {unknown}
 g - a scroll of enchant armour {unknown}
 h - a scroll of torment {unknown}
 i - a scroll of summoning {unknown}


   Skills:
 - Level 3.0 Fighting
 - Level 2.4 Dodging
 - Level 2.2 Stealth
 + Level 3.8 Unarmed Combat


You had 3 spell levels left.
You didn't know any spells.
Your spell library contained the following spells:

 Spells                   Type           Power      Damage    Failure   Level
 Foxfire                  Conj/Fire      0%         2x1d4     16%         1
 Slow                     Hex            0%         N/A       16%         1
 Blink                    Tloc           0%         N/A       24%         2
 Call Canine Familiar     Summ           0%         N/A       43%         3
 Confusing Touch          Hex            0%         N/A       43%         3
 Portal Projectile        Hex/Tloc       0%         N/A       43%         3
 Vampiric Draining        Necr           0%         2d6       43%         3
 Leda's Liquefaction      Hex/Erth       0%         N/A       82%         4
 Manifold Assault         Tloc           0%         N/A       82%         4
 Fireball                 Conj/Fire      0%         3d3       98%         5
 Starburst                Conj/Fire      0%         6d3       100%        6
 Storm Form               Tmut/Air       Unusable   N/A       N/A         7

Dungeon Overview and Level Annotations

Branches:
Dungeon (3/15)

Altars:

Shops:
D:1 !


Innate Abilities, Weirdness & Mutations

You are immune to poison.
Your flesh is cold resistant. (rC+)
You are immune to negative energy. (rN+++)
You are immune to unholy pain and torment.
You are vulnerable to heat. (rF-)
You are in touch with the powers of death.
You do not drink.
You have a special connection with the divine. (Faith)


Message History

An orc comes into view. It is wielding a +0 hand axe.
The orc completely misses you.
The orc shouts!
You hit the orc but do no damage. The orc misses you.
You hit the orc.
The orc is lightly wounded.
The orc suddenly curses, as Orcs often do.
The orc misses you.
You hit the orc.
The orc is severely wounded.
The orc hits you with a +1 short sword of speed.
The orc misses you.
You hit the orc but do no damage.
The orc is severely wounded.
The orc hits you with a +1 short sword of speed.
You hit the orc but do no damage.
The orc is severely wounded.
The orc hits you with a +1 short sword of speed.
You barely miss the orc. Your punch misses the orc.
The orc is severely wounded.
The orc hits you with a +1 short sword of speed. x2
You hit the orc.
The orc is almost dead.
The orc hits you with a +0 hand axe.
* * * LOW HITPOINT WARNING * * *
The orc hits you with a +1 short sword of speed.
* * * LOW HITPOINT WARNING * * *
The orc attacks as you move away! The orc closely misses you.
The orc attacks as you move away! The orc hits you with a +0 hand axe.
* * * LOW HITPOINT WARNING * * *
You closely miss the orc. You barely miss the orc.
The orc hits you with a +0 hand axe.
* * * LOW HITPOINT WARNING * * *
The orc hits you with a +1 short sword of speed.
* * * LOW HITPOINT WARNING * * *
The orc closely misses you.
You hit the orc.
The orc is heavily wounded.
The orc hits you with a +0 hand axe.
You die...

.........##
#..#>#.##)####.###
....####))##
##.#...........### .
##..####.###.....######.
##...##..##...>....##..
###..##.##..#####....#
##o.#....## ###..# #########
##.......#######...
#.......#####o............w..
#...........@o.##..#####.#...
#.......#....#)#....####.#.##
#.......##...................
#.....###..##.####.....
#.##### #.....## #..... #.#
###..#...###.#.>. ##.#
#...###......#...
###..#####.#######....####
#.....[...................


You could see 2 orcs.

Vanquished Creatures
  2 adders (D:3)
  A worm (D:3)
  A dart slug (D:3)
  5 orcs (D:3)
  3 bats
  5 endoplasms
  3 giant cockroaches
  7 goblins
  4 hobgoblins
  A quokka (D:1)
  2 ball pythons
  4 frilled lizards
  4 kobolds
  4 rats
46 creatures vanquished.

Notes
Turn   | Place    | Note
-------+----------+-------------------------------------------
     0 | D:1      | rlgrobin the Mummy Monk began the quest for the Orb.
     0 | D:1      | Reached XP level 1. HP: 18/18 MP: 1/1
   167 | D:1      | Found Diget's Distillery.
   277 | D:1      | Reached XP level 2. HP: 23/24 MP: 2/2
   562 | D:1      | Found a faded altar of an unknown god.
   955 | D:2      | Identified the amulet "Xikiheat" {Spirit Will+}
  1222 | D:2      | Gained mutation: You are in touch with the powers of death.
                  | [Mummy growth]
  1222 | D:2      | Reached XP level 3. HP: 25/29 MP: 3/3
  2031 | D:3      | Reached XP level 4. HP: 13/35 MP: 4/4
  2336 | D:3      | Slain by an orc

Illustrated notes

Levels and vault maps discovered:
D:1:      dpeg_arrival_arbitrary_a, layout_basic, serial_shops,
          nicolae_diamond_shop, ebering_ecumenical_altar_sacrificial,
          chequers_garden
D:2:      layout_rooms, minmay_box_of_dots
D:3:      layout_rooms, trog_three_pillars_becter,
          nicolae_overflow_hidden_temple, kennysheep_generic_room_5

Skill      XL: |  1  2 |
---------------+-------+-----
Unarmed Combat | 3 |  3.8
Stealth        | 2 |  2.2
Fighting       | |  3.0
Dodging        | |  2.4

Action                     |  1- 3 |  4- 6 || total
---------------------------+-------+-------++-------
  Melee: Unarmed           |   170 |    28 ||   198
         Punch             |     4 |     1 ||     5
   Stab: Sleeping          |     6 |       ||     6
 Armour: Skin              |    16 |     2 ||    18
  Dodge: Dodged            |    90 |    11 ||   101

Table legend: (Time is in decaauts)
 A = Elapsed time spent in this place.
 B = Non-inter-level travel time spent in this place.
 C = Inter-level travel time spent in this place.
 D = Time resting spent in this place.
 E = Time spent auto-exploring this place.
 F = Levels seen in this place.
 G = Mean time per level.
                   A        B        C        D        E       F      G
               +--------+--------+--------+--------+--------+-----+--------+
         Total |   2322 |   2229 |     93 |    436 |   1256 |   3 |  774.0 |
       Dungeon |   2322 |   2229 |     93 |    436 |   1256 |   3 |  774.0 |
               +--------+--------+--------+--------+--------+-----+--------+

Top non-repeatable levels by time:
     D:1: 932 daAuts
     D:3: 800 daAuts
     D:2: 589 daAuts
